 Dungeon Crawl Stone Soup version 0.23.2-40-g277498a001 (webtiles) character file.

Game seed: 18291590460948330700

47 Descartes the Insei (level 3, -1/17 HPs)
             Began as a Vine Stalker Transmuter on Oct 5, 2019.
             Slain by an iguana (4 damage)
             ... on level 3 of the Dungeon.
             The game lasted 00:05:47 (1929 turns).

Descartes the Insei (Vine Stalker Transmuter)       Turns: 1929, Time: 00:05:48

Health: -1/17      AC:  7    Str: 13    XL:     3   Next: 70%
Magic:  0/7        EV: 11    Int: 13    God:
Gold:   80         SH:  0    Dex: 14    Spells: 5/6 levels left

rFire    . . .     SeeInvis .     - Unarmed
rCold    . . .     Gourm    .   (no shield)
rNeg     . . .     Faith    .   e - +0 ring mail
rPois    .         Spirit   +   (no helmet)
rElec    .         Reflect  .   (no cloak)
rCorr    .         Harm     .   f - +0 pair of gloves
MR       .....                  k - +0 pair of boots
Stlth    +.........             (no amulet)
HPRegen  0.05/turn              (no ring)
MPRegen  0.10/turn              (no ring)

@: appendage
A: fangs 2, horns 2, magic shield, antimagic bite, no potion heal 3, rot
immunity
a: End Transformation


You were on level 3 of the Dungeon.
You were not hungry.
You had grown temporary horns.
You visited 1 branch of the dungeon, and saw 3 of its levels.

You collected 80 gold pieces.

Inventory:

Missiles
 a - 37 arrows
 j - 57 stones (quivered)
Armour
 b - a +0 robe
 e - a +0 ring mail (worn)
 f - a +0 pair of gloves (worn)
 k - a +0 pair of boots (worn)
Scrolls
 g - 2 scrolls of remove curse {unknown}
 h - 2 scrolls of identify {unknown}
 i - 2 scrolls of teleportation {unknown}
 m - a scroll of fog {unknown}
 n - a scroll of fear {unknown}
 q - a scroll of enchant weapon {unknown}
 r - a scroll of amnesia {unknown}
Potions
 c - a potion of flight {unknown}
 l - a potion of heal wounds {unknown}
 o - a potion of berserk rage {unknown}
 p - a potion of might {unknown}
Comestibles
 d - 4 rations


   Skills:
 - Level 0.8 Fighting
 - Level 0.5 Armour
 - Level 1.8 Dodging
 - Level 1.5 Stealth
 - Level 3.5 Unarmed Combat
 - Level 2.1 Spellcasting
 + Level 2.6 Transmutations


You had 5 spell levels left.
You knew the following spells:

 Your Spells              Type           Power        Failure   Level  Hunger
a - Beastly Appendage     Tmut           #.....       19%         1    ##.....

Your spell library contained the following spells:

 Spells                   Type           Power        Failure   Level  Hunger
 Sticks to Snakes         Tmut           #.......     26%         2    ###....
 Spider Form              Tmut/Pois      #.........   67%         3    ####...
 Ice Form                 Ice/Tmut       #.......     97%         4    #####..
 Blade Hands              Tmut           #.........   99%         5    ######.


Dungeon Overview and Level Annotations

Branches:
Dungeon (3/15)

Altars:
Dithmenos
Vehumet


Innate Abilities, Weirdness & Mutations

You have extremely sharp teeth.
When hurt, damage is shared between your health and your magic reserves.
Your bite disrupts and absorbs the magic of your enemies.
Potions cannot restore your health.
You are immune to rotting.
You have a pair of horns on your head.


Message History

You hit the iguana but do no damage. Your punch misses the iguana.
The iguana is moderately wounded.
The iguana misses you.
There is a stone staircase leading up here.
Press: ? - help, v - describe, . - travel A stone staircase leading up.
Casting: Beastly Appendage (safe; 19% risk of failure)
Confirm with . or Enter, or press ? or * to list all spells.
You grow a pair of large bovine horns.
The iguana bites you.
* * * LOW HITPOINT WARNING * * *
You hit the iguana but do no damage.
You headbutt the iguana, but do no damage.
Your bite misses the iguana.
The iguana is moderately wounded.
The iguana bites you but does no damage.
You closely miss the iguana. You bite the iguana. You drain its power.
You feel invigorated.
The iguana is moderately wounded.
The iguana bites you.
You die...

...^ .... ...
.. #####.####
#........#
#........#
#####...@....#
........l....#
#####........#
#........#
#........#
##########


You could see an iguana.

Vanquished Creatures
  An adder (D:2)
  2 dart slugs (D:1)
  2 giant cockroaches
  4 goblins
  4 hobgoblins (D:1)
  2 jackals (D:1)
  9 kobolds
  A ball python (D:1)
  4 bats
  3 rats (D:1)
  2 plants (D:1)
34 creatures vanquished.

Notes
Turn   | Place    | Note
-------+----------+-------------------------------------------
     0 | D:1      | Descartes the Vine Stalker Transmuter began the quest for
                  | the Orb.
     0 | D:1      | Reached XP level 1. HP: 9/9 MP: 4/4
   488 | D:1      | Reached XP level 2. HP: 13/14 MP: 6/6
   584 | D:1      | Reached skill level 1 in Stealth
   794 | D:1      | Reached XP level 3. HP: 12/17 MP: 7/7
  1383 | D:2      | Found a radiant altar of Vehumet.
  1514 | D:2      | Found a shadowy altar of Dithmenos.
  1929 | D:3      | Slain by an iguana

Skill      XL: |  1  2 |
---------------+-------+-----
Stealth        | 1 |  1.5
Fighting       | |  0.8
Armour         | |  0.5
Dodging        | |  1.8
Unarmed Combat | |  3.5
Spellcasting   | |  2.1
Transmutations | |  2.6

Action                   || total
-------------------------++-------
Melee: Unarmed           ||   150
       Bite              ||    52
       Punch             ||     4
       Headbutt          ||     1
 Cast: Beastly Appendage ||     1
  Eat: Chunk             ||     3
Armor: Ring mail         ||    36
       Robe              ||     2
Dodge: Dodged            ||    55
